 Dungeon Crawl Stone Soup version 0.26.1-2-gb8aa6d0cf2 (webtiles) character file.

Game seed: 18342469049976011995

12093 raph the Impaler (level 11, -5/82 (92) HPs)
             Began as a Merfolk Gladiator on Mar 23, 2021.
             Was a Priest of Yredelemnul.
             Killed from afar by a manticore (18 damage)
             ... with a volley of spikes
             ... on level 11 of the Dungeon on Mar 24, 2021.
             The game lasted 00:24:37 (14561 turns).

raph the Impaler (Merfolk Gladiator)               Turns: 14561, Time: 00:24:38

HP:   -5/82 (92)    AC:  9    Str: 16    XL:     11   Next: 88%
MP:   14/14         EV: 22    Int: 13    God:    Yredelemnul [***...]
Gold: 1021          SH: 10    Dex: 18    Spells: 8/10 levels left

rFire    + . .     SeeInvis .   a - +3 trident
rCold    + . .     Faith    .   y - +0 buckler
rNeg     . . .     Spirit   .   G - +0 acid dragon scales
rPois    .         Reflect  +   c - +0 helmet
rElec    .         Harm     .   t - scarf {rC+ rF+}
rCorr    +         Rampage  .   s - +1 pair of gloves
Will     .....                  (no boots)
Stlth    +.........             g - amulet of reflection
HPRegen  0.23/turn              o - +6 ring of intelligence
MPRegen  0.14/turn              O - +4 ring of evasion

@: barbed spikes, heavily drained
A: change form in water, swift swim, stealthy swim
a: Renounce Religion, Recall Undead Slaves, Injury Mirror, Animate Dead


You were on level 11 of the Dungeon.
You worshipped Yredelemnul.
Yredelemnul was most pleased with you.
You visited 1 branch of the dungeon, and saw 11 of its levels.

You collected 1021 gold pieces.

Inventory:

Hand Weapons
 a - a +3 trident (weapon)
Missiles
 d - 6 throwing nets (quivered)
Armour
 b - a +0 leather armour
 c - a +0 helmet (worn)
 s - a +1 pair of gloves (worn)
 t - a scarf of resistance (worn)
 u - a +0 leather armour of cold resistance
 y - a +0 buckler (worn)
 E - a +0 cloak
 G - +0 acid dragon scales (worn)
Jewellery
 g - an amulet of reflection (around neck)
 o - a +6 ring of intelligence (left hand)
 H - an uncursed ring of resist corrosion
 N - an uncursed amulet of magic regeneration
 O - a +4 ring of evasion (right hand)
Wands
 v - a wand of iceblast (17)
 D - a wand of flame (6)
 F - a wand of paralysis (9)
 I - a wand of polymorph (5)
 K - a wand of acid (5)
Scrolls
 h - 8 scrolls of teleportation
 j - 7 scrolls of remove curse
 k - 7 scrolls of immolation
 l - a scroll of fear
 n - a scroll of magic mapping
 A - 2 scrolls of identify
 J - 4 scrolls of amnesia
Potions
 e - 3 potions of flight
 i - 2 potions of lignification
 m - a potion of brilliance
 p - 3 potions of mutation
 q - a potion of attraction
 r - 2 potions of haste
 w - 4 potions of curing
 x - 3 potions of degeneration
 z - 3 potions of berserk rage
 B - a potion of magic
 C - 2 potions of resistance
 L - a potion of cancellation {unknown}
Miscellaneous
 M - a phantom mirror


   Skills:
 + Level 10.5 Fighting
 * Level 18.0 Polearms
 - Level 2.1 Throwing
 - Level 8.6 Dodging
 - Level 4.0 Shields
 - Level 5.0 Invocations


You had 8 spell levels left.
You knew the following spells:

 Your Spells              Type           Power        Failure   Level
a - Wereblood             Tmut           0%           54%         2

Your spell library contained the following spells:

 Spells                   Type           Power        Failure   Level
 Call Imp                 Summ           0%           54%         2
 Bolt of Magma            Conj/Fire/Erth 0%           100%        5
 Iskenderun's Battlesphe  Conj           0%           100%        5
 Iron Shot                Conj/Erth      0%           100%        6
 Orb of Destruction       Conj           0%           100%        7
 Spellforged Servitor     Conj/Summ      0%           100%        7
 Summon Hydra             Summ           0%           100%        7
 Dragon's Call            Summ           0%           100%        9


Dungeon Overview and Level Annotations

Branches:
Dungeon (11/15)            Temple (0/1) D:4            Lair (0/6) D:9
    Orc: D:9-12

Altars:
Hepliaklqana
Sif Muna
Xom
Yredelemnul
Zin
The Shining One
Beogh

Shops:
D:9 [

Annotations:
D:9 1 runed translucent door, nightchill's ghost, novice GrIE


Message History

Your mummy is destroyed!
Something hits your cyclops zombie.
Your cyclops zombie hits something but does no damage.
You see here 17 arrows.
Your dark mirror aura disappears.
A manticore comes into view.
There is a large open door here.
The manticore flicks its tail.
The volley of spikes misses you.
Found a potion of curing.
The manticore flicks its tail.
The volley of spikes hits you!!
The barbed spikes become lodged in your body.
* * * LOW HITPOINT WARNING * * *
You feel better.
The manticore flicks its tail.
The volley of spikes hits you!!
The barbed spikes become lodged in your body.
You die...
Your body rises from the dead as a mindless zombie.

+...............
+.......(.......
#...............
#..####....####. #..
#....# # #. #..z.# .#
..####...z####..# .###
................#.....
.........H.@...!#.....
#######''########.....
#.....#....#####......
#....((...#..........
#....#....#..........
#....#....#.....########
######....###...#......#
..........'...#......#
##........#...#......#


You could see 2 skeletal warriors and a manticore.

Vanquished Creatures
  2 two-headed ogres
  2 death yaks (D:9)
  An unseen horror (D:10)
  Psyche (D:10)
  A gargoyle (D:10)
  A kobold demonologist (D:10)
  Sigmund (D:4)
  A vampire (D:10)
  3 yaks (D:10)
  Grum (D:8)
  A soldier ant (D:10)
  A water moccasin (D:8)
  2 ice beasts
  An orc warrior (D:10)
  A phantom (D:5)
  A sky beast (D:9)
  5 ogres
  4 centaurs
  3 wolves
  A big kobold (D:10)
  2 bullfrogs
  A water moccasin zombie (D:5)
  A scorpion (D:8)
  A wyvern skeleton (D:10)
  5 killer bees
  14 wights
  6 howler monkeys
  A bullfrog zombie (D:7)
  2 centaur zombies
  7 orc wizards
  4 hounds
  A jelly (D:2)
  6 orc priests
  12 worker ants
  A hound zombie (D:5)
  2 hound skeletons
  2 worker ant zombies
  11 gnolls
  12 adders
  2 shadow imps
  2 white imps
  3 ufetubi
  An ooze (D:1)
  An adder zombie (D:6)
  3 worms
  2 dart slugs
  7 leopard geckos
  38 orcs
  6 bats
  2 giant cockroaches
  6 goblins
  8 hobgoblins
  8 iguanas
  10 jackals
  14 kobolds
  5 quokkas
  6 frilled lizards
  A jackal skeleton (D:4)
  3 leopard gecko skeletons
  A quokka skeleton (D:8)
  12 rats
266 creatures vanquished.

Vanquished Creatures (collateral kills)
  A two-headed ogre (D:10)
  A death yak (D:9)
  A cyclops (D:11)
  Maurice (D:8)
  2 centaur skeletons (D:10)
  Maggie (D:8)
  A hornet (D:10)
  A troll (D:10)
  Prince Ribbit (D:8)
  A wraith (D:10)
  A yak (D:10)
  An orc warrior (D:10)
  A phantom (D:5)
  A centaur (D:10)
  2 killer bees (D:10)
  An orc priest (D:10)
  An orc wizard (D:10)
  A worker ant (D:10)
  A howler monkey zombie (D:10)
  A worker ant zombie (D:10)
  An adder (D:10)
  A shadow imp (D:10)
  7 orcs
  A frilled lizard (D:5)
32 creatures vanquished.

Vanquished Creatures (others)
  2 flying skulls (D:10)
  2 wights (D:10)
  A mummy (D:11)
  2 killer bee zombies
  2 yak zombies (D:10)
  A two-headed ogre zombie (D:10)
  2 worker ant zombies (D:10)
  A cyclops zombie (D:11)
  An orc (D:5)
  An ogre zombie (D:8)
  A troll zombie (D:10)
  An iguana zombie (D:10)
  A jackal zombie (D:9)
  An orc skeleton (D:11)
  12 orc zombies
  5 fungi (D:9)
  7 plants
  6 toadstools (D:8)
49 creatures vanquished.

Grand Total: 347 creatures vanquished

Notes
Turn   | Place    | Note
-------+----------+-------------------------------------------
     0 | D:1      | raph the Merfolk Gladiator began the quest for the Orb.
     0 | D:1      | Reached XP level 1. HP: 16/16 MP: 1/1
    87 | D:1      | Reached XP level 2. HP: 22/22 MP: 2/2
   505 | D:1      | Reached skill level 5 in Polearms
  1378 | D:1      | Reached XP level 3. HP: 28/28 MP: 3/3
  1927 | D:1      | You fall into a shaft and drop 1 floor!
  2335 | D:2      | Reached XP level 4. HP: 33/34 MP: 4/4
  2441 | D:2      | Reached skill level 6 in Polearms
  2717 | D:2      | Found a shimmering altar of Xom.
  2726 | D:2      | Reached skill level 5 in Dodging
  2883 | D:3      | Reached XP level 5. HP: 37/41 MP: 5/5
  3383 | D:3      | Found a basalt altar of Yredelemnul.
  3391 | D:3      | Became a worshipper of Yredelemnul the Dark
  3669 | D:3      | Found a glowing silver altar of Zin.
  4344 | D:3      | Reached skill level 7 in Polearms
  4859 | D:3      | Reached XP level 6. HP: 36/47 MP: 6/6
  5277 | D:4      | Reached skill level 8 in Polearms
  5387 | D:4      | Noticed Sigmund
  6305 | D:4      | Found a roughly hewn altar of Beogh.
  6317 | D:4      | Reached * piety under Yredelemnul
  6318 | D:4      | Reached XP level 7. HP: 31/54 MP: 7/7
  6333 | D:4      | Reached skill level 1 in Invocations
  6496 | D:4      | Killed Sigmund
  6497 | D:4      | Reached skill level 9 in Polearms
  6684 | D:4      | Found a staircase to the Ecumenical Temple.
  6748 | D:5      | Entered Level 5 of the Dungeon
  6825 | D:5      | Reached XP level 8. HP: 56/61 MP: 9/9
  7486 | D:5      | Reached skill level 5 in Fighting
  7576 | D:5      | Reached skill level 10 in Polearms
  8032 | D:6      | Found a shimmering blue altar of Sif Muna.
  8102 | D:6      | Reached ** piety under Yredelemnul
  8274 | D:6      | Reached skill level 11 in Polearms
  8454 | D:6      | Reached XP level 9. HP: 54/69 MP: 10/12
  8953 | D:7      | Found a glowing golden altar of the Shining One.
  8953 | D:7      | Found a hazy altar of Hepliaklqana.
  9088 | D:7      | You fall into a shaft and drop 2 floors!
  9128 | D:8      | Noticed a two-headed ogre
  9528 | D:8      | Reached skill level 12 in Polearms
  9559 | D:8      | Reached *** piety under Yredelemnul
  9578 | D:8      | Reached skill level 5 in Invocations
  9623 | D:8      | Noticed Prince Ribbit
  9634 | D:8      | Killed Prince Ribbit
  9635 | D:8      | Reached skill level 1 in Shields
  9862 | D:8      | Noticed Grum
 10268 | D:8      | Killed Grum
 10437 | D:8      | Killed a two-headed ogre
 10438 | D:8      | Reached skill level 13 in Polearms
 10438 | D:8      | Reached XP level 10. HP: 68/79 MP: 13/13
 10532 | D:8      | Noticed Maurice
 10550 | D:8      | Killed Maurice
 10626 | D:8      | Noticed Maggie
 10637 | D:8      | Killed Maggie
 10638 | D:8      | Reached skill level 14 in Polearms
 10842 | D:9      | Found a runed translucent door.
 10843 | D:9      | Identified the cursed +0 trident of Tynua {freeze, rF+
                  | Will++ Str+4 Dex-2}
 10844 | D:9      | Noticed nightchill's ghost (novice GrIE)
 11031 | D:9      | Noticed a death yak
 11033 | D:9      | Found a staircase to the Lair.
 11033 | D:9      | Noticed a death yak
 11034 | D:9      | Noticed a death yak
 11069 | D:9      | Killed a death yak
 11088 | D:9      | Killed a death yak
 11089 | D:9      | Reached skill level 15 in Polearms
 11113 | D:9      | HP: 4/82 [death yak (23)]
 11985 | D:9      | Found Aromegg's Armour Boutique.
 12222 | D:9      | Found a shimmering altar of Xom.
 12239 | D:9      | Reached XP level 11. HP: 89/89 MP: 14/14
 12241 | D:9      | Received a gift from Yredelemnul (2 flying skulls)
 12315 | D:9      | Killed a death yak
 12316 | D:9      | Reached skill level 16 in Polearms
 12623 | D:10     | Entered Level 10 of the Dungeon
 12866 | D:10     | Noticed a two-headed ogre
 12878 | D:10     | Killed a two-headed ogre
 12879 | D:10     | Received a gift from Yredelemnul (a wight)
 12879 | D:10     | Noticed a two-headed ogre
 12900 | D:10     | Killed a two-headed ogre
 12929 | D:10     | Identified Caasui's Almanac of Supportive Transmutation
 12947 | D:10     | Reached skill level 17 in Polearms
 12960 | D:10     | Reached skill level 10 in Fighting
 12966 | D:10     | Reached **** piety under Yredelemnul
 12998 | D:10     | Received a gift from Yredelemnul (a wight)
 13115 | D:10     | Killed an unseen horror
 13396 | D:10     | Noticed Psyche
 13426 | D:10     | Killed Psyche
 14002 | D:10     | Learned a level 2 spell: Wereblood
 14071 | D:10     | Received a gift from Yredelemnul (a mummy)
 14342 | D:11     | Noticed a cyclops
 14350 | D:11     | Killed a cyclops
 14351 | D:11     | Reached skill level 18 in Polearms
 14531 | D:11     | Noticed a skeletal warrior
 14539 | D:11     | Noticed a skeletal warrior
 14541 | D:11     | Noticed a skeletal warrior
 14553 | D:11     | Noticed a manticore
 14560 | D:11     | HP: 4/82 [manticore/volley of spikes (21)]
 14561 | D:11     | Killed from afar by a manticore

Illustrated notes

Levels and vault maps discovered:
D:1:      psy_arrival_heroes, layout_basic
D:2:      layout_basic, dk_xom_monty_hall
D:3:      mumra_celtic_spiral_tile, layout_basic, marbit_many_paths,
          overflow_temple_1_default, serial_glass, glass_columns_b,
          glass_columns_b
D:4:      layout_cave_pools, minmay_temple_entry_fiery, kennysheep_orc_chapel,
          uniq_sigmund
D:5:      layout_basic
D:6:      layout_basic, overflow_temple_1_default
D:7:      layout_gridville, gammafunk_temple_overflow_wave
D:8:      layout_basic, minmay_gold_behind_fungi, uniq_grum, uniq_maurice,
          uniq_maggie, uniq_prince_ribbit1
D:9:      layout_cave_pods, nicolae_overflow_crystal_walls, dpeg_lair_monsters,
          serial_shops, nicolae_shop_statue_plus, ebering_ghost_funeral_grove
D:10:     minmay_cut_squares, layout_long_grid, serial_bayou_pond_b, uniq_psyche
D:11:     layout_irregular_city, orc_david_3, kennysheep_dice

Skill      XL: |  1  2  3  4  5  6  7  8  9 10 11 |
---------------+----------------------------------+-----
Polearms       | 5 6 7 8 9 11 13 15 18 | 18.0
Fighting       | 3 4 5 7 9 10 | 10.5
Dodging        | 5 6 7 8 |  8.6
Invocations    | 2 4 5 |  5.0
Shields        | 4 |  4.0
Throwing       | |  2.1

Action                   |  1- 3 |  4- 6 |  7- 9 | 10-12 || total
-------------------------+-------+-------+-------+-------++-------
Melee: Trident           |   158 |   222 |   471 |   467 ||  1318
Invok: Animate Remains   |       |       |     6 |     3 ||     9
       Animate Dead      |       |       |     1 |    17 ||    18
       Injury Mirror     |       |       |     1 |     3 ||     4
  Use: Scroll            |       |    13 |     4 |     8 ||    25
       Potion            |       |     5 |     1 |     1 ||     7
 Stab: Sleeping          |       |     5 |     2 |       ||     7
       Distracted        |       |       |     2 |     8 ||    10
Armor: Leather armour    |    30 |    22 |    16 |     1 ||    69
       Skin              |       |       |     1 |       ||     1
       Acid dragon scale |       |       |       |    41 ||    41
Dodge: Dodged            |    99 |   123 |   223 |   214 ||   659
Block: Other             |       |     7 |    53 |       ||    60
       Reflection        |       |     1 |       |     4 ||     5
       Buckler           |       |       |    34 |   126 ||   160
